 Dungeon Crawl Stone Soup version 0.21.1-1-g345015fe64 (webtiles) character file.

312 NullDivider the Charlatan (level 6, -3/32 HPs)
             Began as a Spriggan Artificer on Apr 22, 2018.
             Slain by an ogre
             ... wielding a +0 giant club
              (10 damage)
             ... on level 4 of the Dungeon.
             The game lasted 00:21:44 (4611 turns).

NullDivider the Charlatan (Spriggan Artificer)      Turns: 4611, Time: 00:21:45

Health: -3/32      AC:  2    Str:  8    XL:     6   Next: 18%
Magic:  10/10      EV: 20    Int: 13    God:
Gold:   199        SH:  0    Dex: 18    Spells: 5/5 levels left

rFire    . . .     SeeInvis +   a - +1 dagger (vamp)
rCold    . . .     Gourm    .   (shield restricted)
rNeg     . . .     Faith    .   b - +0 robe
rPois    .         Spirit   .   (helmet restricted)
rElec    .         Reflect  .   (no cloak)
rCorr    .         Harm     .   (gloves unavailable)
MR       +....                  (boots unavailable)
Stlth    +++.......             (no amulet)
HPRegen  0.10/turn              (no ring)
MPRegen  0.12/turn              (no ring)

@: very quick
A: very small, unfitting armour, see invisible, herbivore, speed 3, slow
metabolism 2
a: no special abilities


You were on level 4 of the Dungeon.
You were hungry.

You visited 1 branch of the dungeon, and saw 4 of its levels.

You collected 199 gold pieces.

Inventory:

Hand Weapons
 a - a +1 vampiric dagger (weapon)
 o - a +0 dagger of draining
Missiles
 k - 32 sling bullets
 l - 68 arrows
Armour
 b - a +0 robe (worn)
Jewellery
 p - an uncursed amulet of the gourmand {unknown}
 t - a cursed amulet of inaccuracy {unknown}
Wands
 c - a wand of flame (7)
 d - a wand of enslavement (13)
 e - a wand of random effects (6)
Scrolls
 g - 2 scrolls of enchant weapon {unknown}
 h - 4 scrolls of identify {unknown}
 i - 5 scrolls of remove curse
 n - 3 scrolls of immolation {unknown}
 u - a scroll of enchant armour {unknown}
 v - a scroll of noise {unknown}
Potions
 j - 2 potions of flight {unknown}
 m - a potion of agility {unknown}
 q - 2 potions of might {unknown}
 r - 2 potions of mutation {unknown}
 s - a potion of cancellation {unknown}
Comestibles
 f - 5 rations


   Skills:
 * Level 3.0 Fighting
 + Level 2.9 Short Blades
 + Level 4.7 Dodging
 + Level 4.2 Stealth
 + Level 5.1 Evocations


You had 5 spell levels left.
You didn't know any spells.

Dungeon Overview and Level Annotations

Branches:
Dungeon (4/15)
 Temple: D:4-7

Altars:
Ashenzari
Hepliaklqana


Innate Abilities, Weirdness & Mutations

You are very small and have problems with some larger weapons.
You are too small for most types of armour.
You have supernaturally acute eyesight. (SInv)
You are a herbivore.
You cover ground extremely quickly.
You need consume almost no food.


Message History

You hit the orc wizard but do no damage.
The orc wizard is almost dead.
The orc hits you with a dagger.
The orc wizard gestures wildly while chanting.
The orc wizard flickers and vanishes for a moment.
Your adder completely misses the orc.
You barely miss the orc wizard.
The orc wizard is almost dead.
Your adder bites the orc.
The orc hits you with a dagger. The orc wizard casts a spell at you.
The puff of flame hits you!
* * * LOW HITPOINT WARNING * * *
You barely miss the orc wizard.
The orc wizard is almost dead.
Your adder bites the orc.
The orc dies!
The orc wizard misses you.
The orc wizard hits your adder with a dagger.
The ogre hits you with a giant club!
You die...

#.# ##..## #.... #.#
##..## ### #.... #.#
##<.##.. #.... #.#
##<.#.# ###.... #.#
##.#.# ####.o)...
#.# #...# #...S#####
#.# #####..## #.####
#.# #......#
#####o##### #.#
#....O@###.........#
#.#
####.....Z.S.......#
#.#
##..##>.........#
#.# ##...........###
#.# ###.....###....
#.# #..###.# ####
#.# ...## #..# #.#
...# ##..# #.# ##.
#.#


You could see an ogre, a bullfrog skeleton and a friendly adder.

Vanquished Creatures
  An ogre (D:4)
  2 orc priests
  4 adders
  2 oozes (D:1)
  2 worms
  4 dart slugs
  3 leopard geckos
  5 orcs
  3 giant cockroaches
  3 hobgoblins
  10 jackals
  2 ball pythons
  7 bats
  3 frilled lizards
  7 goblins
  9 kobolds
  7 rats
74 creatures vanquished.

Vanquished Creatures (collateral kills)
  An ogre (D:4)
  2 adders (D:3)
  An orc (D:4)
4 creatures vanquished.

Grand Total: 78 creatures vanquished

Notes
Turn   | Place    | Note
-------+----------+-------------------------------------------
     0 | D:1      | NullDivider the Spriggan Artificer began the quest for the Orb.
     0 | D:1      | Reached XP level 1. HP: 9/9 MP: 4/4
    94 | D:1      | Reached skill level 1 in Fighting
   299 | D:1      | Reached XP level 2. HP: 13/14 MP: 6/6
  1479 | D:1      | Reached XP level 3. HP: 18/18 MP: 7/7
  1686 | D:2      | Found a faded altar of an unknown god.
  2519 | D:2      | Found a hazy altar of Hepliaklqana.
  2734 | D:2      | Reached XP level 4. HP: 15/23 MP: 8/8
  3221 | D:3      | Reached XP level 5. HP: 12/26 MP: 9/9
  4202 | D:4      | Noticed an ogre
  4215 | D:4      | Killed an ogre
  4215 | D:4      | Reached skill level 5 in Evocations
  4427 | D:4      | Noticed an ogre
  4558 | D:4      | Found a shattered altar of Ashenzari.
  4562 | D:4      | Reached XP level 6. HP: 32/32 MP: 10/10
  4611 | D:4      | Slain by an ogre

Skill      XL: |  1  2  3  4  5  6 |
---------------+-------------------+-----
Fighting       | 1 2 3 |  3.0
Stealth        | 2 3 4 |  4.2
Short Blades   | 2 |  2.9
Dodging        | 4 |  4.7
Evocations     | 5 |  5.1

Action                   |  1- 3 |  4- 6 || total
-------------------------+-------+-------++-------
Melee: Short sword       |   163 |       ||   163
       Dagger            |    26 |   219 ||   245
Evoke: Wand              |     3 |    16 ||    19
  Use: Scroll            |       |     1 ||     1
 Stab: Sleeping          |     3 |     2 ||     5
  Eat: Ration            |       |     3 ||     3
Armor: Robe              |    15 |    18 ||    33
Dodge: Dodged            |   160 |   168 ||   328
